 Dungeon Crawl Stone Soup version 0.29-a0-575-g0dc89cf053 (webtiles) character file.

Game seed: 2218573266607943545

88 xian the Covered (level 4, -2/29 HPs)
             Began as a Gargoyle Fighter on June 12, 2022.
             Slain by a gnoll
             ... wielding a +0 flail
              (11 damage)
             ... on level 3 of the Dungeon.
             The game lasted 00:05:48 (2234 turns).

xian the Covered (Gargoyle Fighter)                 Turns: 2234, Time: 00:05:49

Health: -2/29      AC: 10    Str: 21    XL:     4   Next: 54%
Magic:  4/4        EV:  9    Int:  9    God:
Gold:   118        SH:  4    Dex:  9    Spells: 3/3 levels left

rFire   . . .      SeeInvis .   a - +1 flail
rCold   . . .      Faith    .   c - +0 buckler
rNeg    + . .      Spirit   .   b - +0 scale mail
rPois   ∞          Reflect  .   (no helmet)
rElec   +          Harm     .   (no cloak)
rCorr   .          Rampage  .   (no gloves)
Will    .....                   (no boots)
Stlth   ..........              (no amulet)
HPRegen 0.09/turn               (no ring)
MPRegen 0.09/turn               (no ring)

@: no status effects
A: sickness immunity, AC +3, negative energy resistance 1, electricity
resistance, torment resistance 1, petrification resistance
a: no special abilities


You were on level 3 of the Dungeon.
You visited 1 branch of the dungeon, and saw 3 of its levels.

You collected 118 gold pieces.

Inventory:

Hand Weapons
 a - a +1 flail (weapon)
Missiles
 e - 5 poisoned darts (quivered)
 k - 2 throwing nets
Armour
 b - a +0 scale mail (worn)
 c - a +0 buckler (worn)
 h - a +2 leather armour of cold resistance
Scrolls
 l - a scroll of enchant weapon
 n - a scroll of poison {unknown}
Potions
 d - 2 potions of might
 f - a potion of flight
 g - 4 potions of haste
 i - a potion of berserk rage
 j - a potion of curing {unknown}
 m - a potion of lignification
 o - a potion of attraction {unknown}
 p - a potion of mutation {unknown}


   Skills:
 + Level 3.8 Fighting
 + Level 3.1 Maces & Flails
 + Level 4.1 Armour
 + Level 0.3 Dodging
 + Level 3.6 Shields


You had 3 spell levels left.
You didn't know any spells.
Your spell library contained the following spells:

 Spells                   Type           Power      Damage    Failure   Level
 Freeze                   Ice            0%         1d3       80%         1
 Blink                    Tloc           0%         N/A       91%         2
 Frozen Ramparts          Ice            0%         1d2       99%         3
 Hailstorm                Conj/Ice       0%         3d3       100%        4
 Manifold Assault         Tloc           0%         N/A       100%        5
 Storm Form               Tmut/Air       0%         N/A       100%        7


Dungeon Overview and Level Annotations

Branches:
Dungeon (3/15)

Altars:

Shops:
D:2 =


Innate Abilities, Weirdness & Mutations

You are immune to sickness and miasma.
Your stone body is resilient. (AC +3)
You are immune to poison.
You resist negative energy. (rN+)
You are resistant to electric shocks. (rElec)
You are resistant to unholy torment.
You are immune to petrification.


Message History

The gnoll barely misses you. The gnoll hits you but does no damage.
You sock the gnoll!
You kill the gnoll!
Your Maces & Flails skill increases to level 3!
You hit the gnoll.
The gnoll is moderately wounded.
The gnoll barely misses you.
You barely miss the gnoll.
The gnoll is moderately wounded.
The gnoll hits you but does no damage. The gnoll barely misses you.
You barely miss the gnoll.
The gnoll is moderately wounded.
The gnoll hits you but does no damage.
You hit the gnoll.
The gnoll is moderately wounded.
The gnoll hits you with a +0 club.
You hit the gnoll but do no damage.
The gnoll is moderately wounded.
The gnoll hits you with a +0 club. x2
You barely miss the gnoll.
The gnoll is moderately wounded.
The gnoll barely misses you.
You sock the gnoll!
You kill the gnoll!
You barely miss the gnoll. The gnoll hits you with a +0 flail.
The gnoll hits you from afar with a +0 halberd.
You hit the gnoll.
The gnoll is lightly wounded.
The gnoll barely misses you. x2; You block the gnoll's attack. x2
You barely miss the gnoll.
The gnoll is lightly wounded.
The gnoll hits you with a +0 flail. The gnoll hits you but does no damage.
You barely miss the gnoll.
The gnoll is lightly wounded.
The gnoll barely misses you.
The gnoll hits you from afar with a +0 halberd.
You closely miss the gnoll.
The gnoll is lightly wounded.
The gnoll hits you with a +0 flail!
You die...

#.# #.# #.#
#.# #.# #.#
#.# #.# #.#
###.# #.#
....# #g#
##### #g#
#@# #.#
#########.#
#.........#
#.#########
########.#
.........#
##########


You could see 2 gnolls.

Vanquished Creatures
  2 gnolls (D:3)
  An adder (D:3)
  2 dart slugs
  2 orcs (D:3)
  3 endoplasms
  5 goblins
  5 hobgoblins
  6 jackals (D:1)
  7 kobolds
  5 quokkas
  3 ball pythons
  A bat (D:3)
  A frilled lizard (D:3)
  8 rats
51 creatures vanquished.

Notes
Turn   | Place    | Note
-------+----------+-------------------------------------------
     0 | D:1      | xian the Gargoyle Fighter began the quest for the Orb.
     0 | D:1      | Reached XP level 1. HP: 14/14 MP: 1/1
    10 | D:1      | Found a faded altar of an unknown god.
   581 | D:1      | Reached XP level 2. HP: 18/19 MP: 2/2
  1003 | D:2      | Found Qettel's Jewellery Emporium.
  1089 | D:2      | Reached XP level 3. HP: 23/23 MP: 3/3
  1571 | D:2      | You fall into a shaft and drop 1 floor!
  1970 | D:3      | Reached skill level 4 in Armour
  1970 | D:3      | Reached XP level 4. HP: 29/29 MP: 4/4
  2234 | D:3      | Slain by a gnoll

Illustrated notes

Levels and vault maps discovered:
D:1:      eino_arrival_druids_welcome, layout_basic,
          ebering_ecumenical_altar_petrified
D:2:      layout_loops_cross, serial_shops, shop
D:3:      layout_loops_ring, uniq_crazy_yiuf_cottage

Skill      XL: |  1  2  3  4 |
---------------+-------------+-----
Armour         | 4 |  4.1
Maces & Flails | 3 |  3.1
Fighting       | |  3.8
Dodging        | |  0.3
Shields        | |  3.6

Action                   |  1- 3 |  4- 6 || total
-------------------------+-------+-------++-------
Melee: Flail             |   128 |    40 ||   168
  Use: Scroll            |     8 |     2 ||    10
Armor: Scale mail        |    75 |    30 ||   105
Dodge: Dodged            |    68 |    26 ||    94
Block: Buckler           |    27 |     8 ||    35

Table legend: (Time is in decaauts)
 A = Elapsed time spent in this place.
 B = Non-inter-level travel time spent in this place.
 C = Inter-level travel time spent in this place.
 D = Time resting spent in this place.
 E = Time spent auto-exploring this place.
 F = Levels seen in this place.
 G = Mean time per level.
                   A        B        C        D        E       F      G
               +--------+--------+--------+--------+--------+-----+--------+
         Total |   2287 |   2236 |     51 |      0 |   1535 |   3 |  762.3 |
       Dungeon |   2287 |   2236 |     51 |      0 |   1535 |   3 |  762.3 |
               +--------+--------+--------+--------+--------+-----+--------+

Top non-repeatable levels by time:
     D:1: 992 daAuts
     D:2: 931 daAuts
     D:3: 363 daAuts
